AoeStats
← G

QS Arena

503341248Analyzed
3v3 RM · 1mo ago on Aug 31, 2026· 42m 19s· 6 players
Game mode
Random Map
Map size
Normal (6 player)
Population
200
Speed
Normal
Resources
Standard
Victory
Conquest
Starting age
Dark Age
Ending age
Imperial Age
RankedLock teamsTeams togetherTeam positionsShared explorationLock speedFull tech treeHidden civsTurbo modeCheats
Victory
Defeat
🇨🇳 Britons · China
825
+16
🇨🇳 Goths · China
809
+17
🇳🇿 Sicilians · New Zealand
728
+20
🇺🇸 Persians · United States
947
-76
🇧🇷 Huns · Brazil
791
-16
🇺🇸 Khitans · United States
743
-14
Lord Humungus
0:38 Loom
11:24 Feudal Age
13:02 Wheelbarrow
12:10 Horse Collar
12:21 Double-Bit Axe
15:50 Gold Mining
15:52 Stone Mining
19:29 Arson
20:02 Forging
19:54 Scale Mail Armor
23:04 Castle Age
25:09 Chain Mail Armor
25:30 Iron Casting
24:42 Pikeman
26:49 First Crusade
29:24 Squires
29:57 Hand Cart
30:09 Heavy Plow
31:15 Bow Saw
38:35 Imperial Age
38:37 Elite Serjeant
39:26 Hauberk
39:41 Conscription
40:01 Capped Ram
40:21 Halberdier
F
2:26 Loom
9:06 Feudal Age
9:31 Horse Collar
9:40 Double-Bit Axe
13:41 Gold Mining
16:18 Castle Age
19:22 Bow Saw
28:15 Squires
28:32 Forging
28:22 Scale Mail Armor
32:16 Imperial Age
29:34 Town Watch
31:25 Wheelbarrow
30:51 Town Patrol
31:24 Chain Mail Armor
31:45 Iron Casting
32:32 Man-at-Arms
32:33 Pikeman
33:48 Conscription
33:28 Perfusion
33:49 Hand Cart
34:08 Anarchy
34:22 Halberdier
34:25 Long Swordsman
35:38 Two-Handed Swordsman
37:43 Anarchy
37:04 Elite Huskarl
37:07 Champion
39:37 Blast Furnace
38:24 Elite Huskarl
41:12 Fletching
41:22 Padded Archer Armor
41:28 Scale Barding Armor
G
8:48 Feudal Age
9:18 Double-Bit Axe
9:27 Horse Collar
10:37 Loom
15:59 Castle Age
15:19 Stone Mining
16:02 Scale Mail Armor
17:57 Bow Saw
18:06 Heavy Plow
18:36 Gold Mining
23:01 Wheelbarrow
28:43 Imperial Age
26:31 Town Watch
26:41 Fletching
27:23 Ballistics
27:48 Gold Shaft Mining
27:36 Squires
26:59 Pikeman
28:13 Bodkin Arrow
28:11 Treadmill Crane
28:32 Gambesons
29:11 Scale Barding Armor
29:21 Forging
29:35 Warwolf
29:16 Capped Ram
31:33 Conscription
31:31 Padded Archer Armor
32:20 Conscription
32:47 Hand Cart
32:11 Halberdier
34:18 Chain Mail Armor
35:18 Hoardings
34:37 Heated Shot
34:45 Murder Holes
35:11 Masonry
36:46 Bracer
37:22 Iron Casting
37:04 Leather Archer Armor
38:55 Yeomen
shabolobodingdong
8:58 Feudal Age
15:33 Castle Age
17:08 Gold Mining
17:08 Stone Mining
17:15 Stone Mining
21:35 Double-Bit Axe
23:17 Stone Shaft Mining
23:45 Squires
25:10 Arson
26:08 Wheelbarrow
25:20 Loom
25:22 Town Watch
26:02 Scale Mail Armor
29:47 Hand Cart
32:57 Imperial Age
36:19 Elite Liao Dao
41:13 Lamellar Armor
42:21 Conscription
Bossmanbing
8:03 Feudal Age
9:36 Wheelbarrow
19:45 Castle Age
17:33 Man-at-Arms
18:51 Gold Mining
21:03 Hand Cart
23:42 Light Cavalry
24:34 Long Swordsman
25:44 Crossbowman
27:47 Horse Collar
28:51 Elite Skirmisher
DISK PIZZA
8:18 Feudal Age
14:58 Castle Age
13:10 Horse Collar
13:19 Double-Bit Axe
13:29 Gold Mining
19:51 Wheelbarrow
19:58 Gold Shaft Mining
22:34 Bow Saw
27:01 Heavy Plow
27:51 Marauders
28:16 Bloodlines
28:10 Husbandry
28:36 Scale Barding Armor
28:43 Forging
34:23 Chain Barding Armor
38:59 Iron Casting
Connection lost

Rejoining the realm…

Still unreachable

The connection could not be restored.

Session expired

The server has moved on; the page needs a fresh start.